 Dungeon Crawl Stone Soup version 0.29-a0-878-g7b45a56547 (webtiles) character file.

Game seed: 8556750850284620700

214 xian the Chopper (level 5, -3/54 HPs)
             Began as an Ogre Gladiator on July 20, 2022.
             Succumbed to an orc wizard's poison
             ... on level 3 of the Dungeon.
             The game lasted 00:07:13 (3252 turns).

xian the Chopper (Ogre Gladiator)                   Turns: 3252, Time: 00:07:15

Health: -3/54      AC:  7    Str: 20    XL:     5   Next: 91%
Magic:  5/5        EV: 10    Int:  9    God:
Gold:   140        SH:  0    Dex: 10    Spells: 4/4 levels left

rFire   . . .      SeeInvis .   a - +0 war axe
rCold   . . .      Faith    .   (no shield)
rNeg    . . .      Spirit   .   b - +0 robe
rPois   .          Reflect  .   c - +0 hat
rElec   .          Harm     .   (no cloak)
rCorr   .          Rampage  .   (gloves unavailable)
Will    +....                   (boots unavailable)
Stlth   +.........              (no amulet)
HPRegen 0.18/turn               j - +4 ring of protection
MPRegen 0.09/turn               h - ring of willpower

@: lethally poisoned (-3 -> -24)
A: large, unfitting armour, tough skin 1
a: no special abilities


You were on level 3 of the Dungeon.
You visited 1 branch of the dungeon, and saw 3 of its levels.

You collected 140 gold pieces.

Inventory:

Hand Weapons
 a - a +0 war axe (weapon)
Missiles
 d - 2 throwing nets (quivered)
Armour
 b - a +0 robe (worn)
 c - a +0 hat (worn)
Jewellery
 h - a ring of willpower (right hand)
 j - a +4 ring of protection (left hand)
Scrolls
 o - a scroll of amnesia {unknown}
 p - a scroll of teleportation
 r - a scroll of brand weapon {unknown}
Potions
 f - a potion of attraction {unknown}
 k - a potion of mutation {unknown}
 m - a potion of berserk rage {unknown}
 n - a potion of ambrosia {unknown}
 q - a potion of might {unknown}


   Skills:
 + Level 3.8 Fighting
 + Level 5.0 Axes
 + Level 2.3 Throwing
 + Level 3.7 Dodging
 + Level 0.2 Stealth


You had 4 spell levels left.
You didn't know any spells.
Your spell library was empty.

Dungeon Overview and Level Annotations

Branches:
Dungeon (3/15)

Altars:

Annotations:
D:3 1 runed translucent door, lesbiats's ghost, amateur GnCj


Innate Abilities, Weirdness & Mutations

You are too large for most types of armour.
You have tough skin. (AC +1)


Message History

You are poisoned.
You closely miss something.
You feel sick.
You hear some strange, mumbled words.
A magic dart appears from out of thin air!
The magic dart hits you!
You barely miss something.
You feel sick. Something hits you.
You are more poisoned.
You hear some strange, mumbled words.
A magic dart appears from out of thin air!
The magic dart hits you.
You closely miss something.
You feel very sick. Something hits you but does no damage.
You closely miss something.
You feel sick. Something hits you.
You closely miss something.
You feel sick. Something hits you but does no damage.
You are more poisoned.
You hear some strange, mumbled words.
A magic dart appears from out of thin air!
The magic dart hits you.
You miss something.
You feel very sick. Something hits you.
* * * LOW HITPOINT WARNING * * *
You are lethally poisoned!
You closely miss something.
* * * LOW HITPOINT WARNING * * *
You feel very sick.
You hear some strange, mumbled words.
A magic dart appears from out of thin air!
The magic dart hits you but does no damage.
* * * LOW HITPOINT WARNING * * *
You feel very sick.
The orc wizard attacks as you move away!
The orc wizard hits you with a +0 dagger.
* * * LOW HITPOINT WARNING * * *
Something hits you.
* * * LOW HITPOINT WARNING * * *
You are more poisoned.
You die...

#<#)# ...... #.# #....##..#.. #.#
#.#.#.#..#.# #.# ..#.##...#.# #.#
..#..{.....# #.#
..!.....##.####### ### ### #.#
..#(..........##.# #.# #.# #.#
...#.#####.#####.# #.# #.# #.#
....{.....>...o.@###.####.#####.#
..########...)...<..............#
..# ######################## ..#
..# ###


You could see an orc wizard.

Vanquished Creatures
  An orc priest (D:3)
  Natasha (D:3)
  4 gnolls (D:3)
  4 adders
  2 worms
  2 dart slugs
  2 orcs (D:3)
  7 endoplasms
  3 giant cockroaches (D:1)
  6 goblins
  7 hobgoblins
  11 jackals
  2 quokkas
  4 ball pythons
  4 bats
  4 frilled lizards
  2 kobolds
  9 rats
75 creatures vanquished.

Vanquished Creatures (others)
  5 demonic plants (D:3)
  10 fungi (D:3)
  31 plants (D:3)
  4 withered plants (D:3)
50 creatures vanquished.

Grand Total: 125 creatures vanquished

Notes
Turn   | Place    | Note
-------+----------+-------------------------------------------
     0 | D:1      | xian the Ogre Gladiator began the quest for the Orb.
     0 | D:1      | Reached XP level 1. HP: 22/22 MP: 1/1
    81 | D:1      | Reached XP level 2. HP: 27/29 MP: 2/2
   455 | D:1      | Reached XP level 3. HP: 36/36 MP: 3/3
  1494 | D:2      | Reached XP level 4. HP: 45/45 MP: 4/4
  2094 | D:3      | Found a runed translucent door.
  2098 | D:3      | Reached skill level 4 in Axes
  2100 | D:3      | Noticed lesbiats's ghost (amateur GnCj)
  2113 | D:3      | Noticed Natasha
  2130 | D:3      | Killed Natasha
  2349 | D:3      | Reached XP level 5. HP: 53/53 MP: 5/5
  2700 | D:3      | Found a faded altar of an unknown god.
  2874 | D:3      | Reached skill level 5 in Axes
  2907 | D:3      | HP: 2/54 [orc wizard/puff of flame (9)]
  3252 | D:3      | HP: 2/54 [something (2)]
  3252 | D:3      | Succumbed to an orc wizard's poison

Illustrated notes

Levels and vault maps discovered:
D:1:      giann_bridges, layout_loops_ring, st_stairs_3
D:2:      minmay_general_purpose_star, layout_basic
D:3:      layout_loops_ring, gammafunk_ghost_grave,
          shapermc_ecumenical_altar_gd, nicolae_grassy_gnolls,
          uniq_crazy_yiuf_cottage, uniq_natasha

Skill      XL: |  1  2  3  4  5 |
---------------+----------------+-----
Dodging        | 3 |  3.7
Fighting       | 3 |  3.8
Axes           | 4 5 |  5.0
Throwing       | |  2.3
Stealth        | |  0.2

Action                   |  1- 3 |  4- 6 || total
-------------------------+-------+-------++-------
Melee: War axe           |   107 |   134 ||   241
       Punch             |     1 |       ||     1
Throw: Large rock        |     4 |     2 ||     6
       Throwing net      |       |     1 ||     1
       Dart              |       |     2 ||     2
  Use: Scroll            |       |     5 ||     5
       Potion            |       |     3 ||     3
Armor: Robe              |    91 |    67 ||   158
Dodge: Dodged            |   112 |    93 ||   205

Table legend: (Time is in decaauts)
 A = Elapsed time spent in this place.
 B = Non-inter-level travel time spent in this place.
 C = Inter-level travel time spent in this place.
 D = Time resting spent in this place.
 E = Time spent auto-exploring this place.
 F = Levels seen in this place.
 G = Mean time per level.
                   A        B        C        D        E       F      G
               +--------+--------+--------+--------+--------+-----+--------+
         Total |   3327 |   3237 |     90 |    467 |   1816 |   3 | 1109.0 |
       Dungeon |   3327 |   3237 |     90 |    467 |   1816 |   3 | 1109.0 |
               +--------+--------+--------+--------+--------+-----+--------+

Top non-repeatable levels by time:
     D:2: 1677 daAuts
     D:3: 874 daAuts
     D:1: 776 daAuts
